 Dungeon Crawl Stone Soup version 0.29-a0-284-gf9362112df (webtiles) character file.

Game seed: 6256978480226872897

74 Hubris850 the Bolt Thrower (level 4, 0/26 HPs)
             Began as a Kobold Hunter on Mar 21, 2022.
             Slain by Crazy Yiuf
             ... wielding a +2 quarterstaff of chaos
              (6 damage)
             ... on level 2 of the Dungeon.
             The game lasted 00:02:58 (861 turns).

Hubris850 the Bolt Thrower (Kobold Hunter)           Turns: 861, Time: 00:02:59

Health: 0/26       AC:  5    Str:  8    XL:     4   Next: 54%
Magic:  4/4        EV: 15    Int: 10    God:
Gold:   66         SH:  0    Dex: 20    Spells: 3/3 levels left

rFire   . . .      SeeInvis .   j - +0 rapier
rCold   . . .      Faith    .   (no shield)
rNeg    . . .      Spirit   .   b - +0 leather armour
rPois   .          Reflect  .   (no helmet)
rElec   .          Harm     .   (no cloak)
rCorr   .          Rampage  .   e - +1 pair of gloves {hurl}
Will    .....                   (no boots)
Stlth   ++++......              (no amulet)
HPRegen 0.08/turn               (no ring)
MPRegen 0.09/turn               (no ring)

@: on berserk cooldown, slowed, very slow
A: small, no large weapons, nightstalker 3
a: no special abilities


You were on level 2 of the Dungeon.
You visited 1 branch of the dungeon, and saw 2 of its levels.

You collected 66 gold pieces.

Inventory:

Hand Weapons
 a - a +1 hand crossbow
 j - a +0 rapier (weapon)
Missiles
 h - 99 stones
Armour
 b - a +0 leather armour (worn)
 e - a +1 pair of gloves of hurling (worn)
Magical Staves
 m - a staff of cold
Scrolls
 c - a scroll of immolation
 f - a scroll of enchant weapon {unknown}
 g - a scroll of teleportation {unknown}
Potions
 k - a potion of curing {unknown}
 l - a potion of cancellation {unknown}


   Skills:
 - Level 2.1 Fighting
 + Level 6.3 Crossbows
 - Level 3.0 Dodging
 + Level 3.9 Stealth


You had 3 spell levels left.
You didn't know any spells.
Your spell library was empty.

Dungeon Overview and Level Annotations

Branches:
Dungeon (2/15)

Altars:

Annotations:
D:2 Crazy Yiuf


Innate Abilities, Weirdness & Mutations

You are small and have problems with some larger weapons.
You are completely attuned to the shadows.


Message History

Found a runed translucent door.
Found a mace.
Crazy Yiuf shouts!
It was a potion of ambrosia.
You are confused.
You feel invigorated.
Crazy Yiuf says, "Tosser!
Cod shoe mobile."
You feel less invigorated.
You feel less confused.
It was a potion of berserk rage.
A red film seems to cover your vision as you go berserk!
You feel yourself moving faster!
You feel mighty!
The door flies open with a bang!
You feel a strong urge to attack something.
You hear a shout! x2
You slam the door shut with a bang!
Crazy Yiuf opens the door.
You slam the door shut with a bang!
You feel your anger nearly subside.
Crazy Yiuf breaks down the door.
It's broken and can't be closed.
You are no longer berserk.
You are exhausted.
You feel yourself slow down.
j - a +0 rapier (weapon)
Crazy Yiuf hits you with a +2 quarterstaff of chaos.
Crazy Yiuf freezes you. Crazy Yiuf closely misses you.
You barely miss Crazy Yiuf.
Crazy Yiuf cries, "Leather sizzlefizz leg!"
Crazy Yiuf closely misses you. x2
You hit Crazy Yiuf.
Crazy Yiuf is lightly wounded.
Crazy Yiuf hits you with a +2 quarterstaff of chaos!
Crazy Yiuf freezes you.
* * * LOW HITPOINT WARNING * * *
Crazy Yiuf closely misses you.
You hit Crazy Yiuf.
Crazy Yiuf is moderately wounded.
Crazy Yiuf hits you with a +2 quarterstaff of chaos.
You die...

..........####
.....##.#
..............
.........
##...#.##.####
.........
.............
.........
#......######
#......... .#...#.##
#......... ........#
♣♣♣♣♣##.........
.#...#.## ##
♣♣♣.♣...#.........
.....#.#
...#♣@.♣..P...........
.#...#.#
...'g♣♣♣♣PP..........†
........ )..#♣♣
♣♣P.#.#...####
.#..##### ##
♣♣###########
.#..###.# ...
........# ...
.#..###.### ##### ####
.#..# #.#.# #...# #...
#..###.#.###...###
#.##


You could see Crazy Yiuf.

Vanquished Creatures
  Natasha (D:2)
  An adder (D:2)
  A worm (D:2)
  2 dart slugs
  4 endoplasms
  A giant cockroach (D:1)
  3 goblins (D:1)
  3 hobgoblins
  5 kobolds
  A quokka (D:2)
  4 bats
  2 frilled lizards (D:2)
  6 rats
34 creatures vanquished.

Notes
Turn   | Place    | Note
-------+----------+-------------------------------------------
     0 | D:1      | Hubris850 the Kobold Hunter began the quest for the Orb.
     0 | D:1      | Reached XP level 1. HP: 12/12 MP: 1/1
   109 | D:1      | Reached XP level 2. HP: 17/17 MP: 2/2
   214 | D:1      | Found a faded altar of an unknown god.
   427 | D:1      | Reached XP level 3. HP: 21/21 MP: 3/3
   663 | D:2      | Noticed Natasha
   668 | D:2      | Killed Natasha
   669 | D:2      | Reached skill level 6 in Crossbows
   669 | D:2      | Reached XP level 4. HP: 26/26 MP: 4/4
   837 | D:2      | Found a runed translucent door.
   840 | D:2      | Noticed Crazy Yiuf
   861 | D:2      | Slain by Crazy Yiuf

Illustrated notes

Levels and vault maps discovered:
D:1:      nzn_arrival_crosshair, layout_rooms,
          hellmonk_ecumenical_altar_lost_god
D:2:      layout_basic, uniq_natasha, uniq_crazy_yiuf_cottage, uniq_jessica,
          uniq_sigmund

Skill      XL: |  1  2  3 |
---------------+----------+-----
Stealth        | 2 3 |  3.9
Dodging        | 3 |  3.0
Crossbows      | 6 |  6.3
Fighting       | |  2.1

Action                   |  1- 3 |  4- 6 || total
-------------------------+-------+-------++-------
Melee: Rapier            |       |     3 ||     3
 Fire: Hand crossbow     |    51 |    14 ||    65
Throw: Stone             |     2 |       ||     2
  Use: Potion            |       |     2 ||     2
Armor: Leather armour    |     1 |       ||     1
Dodge: Dodged            |     8 |    10 ||    18

Table legend: (Time is in decaauts)
 A = Elapsed time spent in this place.
 B = Non-inter-level travel time spent in this place.
 C = Inter-level travel time spent in this place.
 D = Time resting spent in this place.
 E = Time spent auto-exploring this place.
 F = Levels seen in this place.
 G = Mean time per level.
                   A        B        C        D        E       F      G
               +--------+--------+--------+--------+--------+-----+--------+
         Total |    878 |    850 |     28 |      0 |    656 |   2 |  439.0 |
       Dungeon |    878 |    850 |     28 |      0 |    656 |   2 |  439.0 |
               +--------+--------+--------+--------+--------+-----+--------+

Top non-repeatable levels by time:
     D:1: 550 daAuts
     D:2: 327 daAuts
